 Dungeon Crawl Stone Soup version 0.29.1-1-gd02db6906a (webtiles) character file.

Game seed: 1705172847854179198

121 Doomgape the Insei (level 5, -3/33 HPs)
             Began as an Octopode Transmuter on Sept 16, 2022.
             Splashed by a jelly's acid (4 damage)
             ... on level 4 of the Dungeon.
             The game lasted 00:06:24 (3685 turns).

Doomgape the Insei (Octopode Transmuter)            Turns: 3685, Time: 00:06:24

Health: -3/33      AC: -11   Str: 11    XL:     5   Next: 5%
Magic:  8/8        EV: 13    Int: 16    God:
Gold:   126        SH:  0    Dex: 12    Spells: 7/8 levels left

rFire   . . .      SeeInvis .     - Unarmed
rCold   . . .      Faith    .   (no shield)
rNeg    . . .      Spirit   .   (helmet currently unavailable)
rPois   .          Reflect  .   (no amulet)
rElec   .          Harm     .   b - ring of willpower
rCorr   .          Rampage  .   (no ring)
Will    +....                   (no ring)
Stlth   ++........              (no ring)
HPRegen 0.11/turn               (no ring)
MPRegen 0.11/turn               (no ring)
                                (no ring)
                                (no ring)

@: appendages, corroded
A: tentacle spike 3, almost no armour, amphibious, 8 rings, camouflage 1,
gelatinous body 1, (nimble swimmer 1), tentacles
a: End Transformation


You were on level 4 of the Dungeon.
One of your tentacles had grown a beastly spike.
You visited 1 branch of the dungeon, and saw 4 of its levels.

You collected 126 gold pieces.

Inventory:

Jewellery
 b - a ring of willpower (left tentacle)
Wands
 n - a wand of roots (7)
Scrolls
 c - 2 scrolls of identify
 d - a scroll of magic mapping
 h - a scroll of teleportation
 k - a scroll of noise
Potions
 a - a potion of lignification
 e - 2 potions of flight
 g - 2 potions of ambrosia
 i - a potion of brilliance


   Skills:
 - Level 1.0 Fighting
 - Level 2.0 Dodging
 + Level 4.4 Unarmed Combat
 - Level 2.0 Spellcasting
 + Level 3.8 Transmutations


You had 7 spell levels left.
You knew the following spells:

 Your Spells              Type           Power      Damage    Failure   Level
a - Beastly Appendage     Tmut           26%        N/A       4%          1

Your spell library contained the following spells:

 Spells                   Type           Power      Damage    Failure   Level
 Wereblood                Tmut           13%        N/A       7%          2
 Spider Form              Tmut/Pois      7%         N/A       28%         3
 Ensorcelled Hibernation  Hex/Ice        2%         N/A       30%         2
 Sublimation of Blood     Necr           1%         N/A       30%         2
 Ice Form                 Ice/Tmut       7%         N/A       67%         4
 Summon Mana Viper        Hex/Summ       1%         N/A       99%         5
 Summon Hydra             Summ           0%         N/A       100%        7
 Dragon's Call            Summ           0%         N/A       100%        9


Dungeon Overview and Level Annotations

Branches:
Dungeon (4/15)
 Temple: D:4-7

Altars:
Trog


Innate Abilities, Weirdness & Mutations

One of your tentacles has grown a beastly spike.
You cannot wear most types of armour.
You are amphibious.
You can wear up to eight rings at the same time.
Your skin changes colour to match your surroundings (Stealth+).
Your rubbery body absorbs attacks. (AC +1, EV +1)
((You are camouflaged when in or above water. (Stealth+)))
You have tentacles for arms and can constrict up to eight enemies at once.


Message History

Magic restored.
You start resting.
Your tentacle spike disappears.
You hear a distant slurping noise. x3
You hear a squelching noise.
HP restored.
You open the door.
There is an open door here.
d - a scroll of magic mapping You open the door.
Found a stone staircase leading down.
There is an open door here.
A jelly comes into view.
Found a scroll labelled QOPRECWIGY.
A jelly is nearby!
Casting: Beastly Appendage (safe; 4% risk of failure)
Confirm with . or Enter, or press ? or * to list all spells.
One of your tentacles grows a vicious spike.
The helpless jelly fails to defend itself.
You tentacle-slap the jelly.
Your tentacles burn!
The jelly is lightly wounded.
The jelly misses you.
You tentacle-slap the jelly.
Your tentacles burn!
You pierce the jelly.
You tentacle-slap the jelly, but do no damage.
The jelly is severely wounded.
The jelly hits you.
You are splashed with acid!
You tentacle-slap the jelly but do no damage.
The acid corrodes you!
Your tentacles burn!
You pierce the jelly, but do no damage.
The jelly is severely wounded.
The jelly hits you.
You are splashed with acid!
* * * LOW HITPOINT WARNING * * *
You are too injured to fight recklessly!
You feel better. The jelly hits you.
* * * LOW HITPOINT WARNING * * *
The acid corrodes you!
You are splashed with acid!
* * * LOW HITPOINT WARNING * * *
You tentacle-slap the jelly but do no damage.
The acid corrodes you!
Your tentacles burn!
You die...

***,#....#*+**,,,,*
+,,,#....#,,,*,...#
#,,,#....#...#,...#
#####....#...#,...##****
#........#...###...,,,,*
#........#....#..?#,,,,*
#........#....#...#,,,,*
#........#....#..J#,,,,*
#.<..#'###....#.@.#,,,,*
#†...#...'....#...#,,,,*
#....#...#...##...#,,,,*
#....#...#...##...#,,,,*
'....#...#........+,,,,*
#....#...#........#,,,,*
#....#...#......>.#,,,,*
#....#...#........#,,,,*
#....#..##...######,,,,*


You could see a jelly.

Vanquished Creatures
  A gnoll (D:1)
  4 adders
  6 dart slugs
  7 bats
  7 endoplasms
  3 giant cockroaches
  3 goblins
  8 hobgoblins
  3 jackals (D:1)
  4 kobolds
  A quokka (D:3)
  9 ball pythons
  2 frilled lizards (D:1)
  5 rats
63 creatures vanquished.

Notes
Turn   | Place    | Note
-------+----------+-------------------------------------------
     0 | D:1      | Doomgape the Octopode Transmuter began the quest for the
                  | Orb.
     0 | D:1      | Reached XP level 1. HP: 13/13 MP: 3/3
    46 | D:1      | Reached XP level 2. HP: 3/18 MP: 5/5
   806 | D:1      | Reached XP level 3. HP: 2/23 MP: 3/6
  1939 | D:2      | Reached XP level 4. HP: 25/28 MP: 7/7
  1986 | D:2      | Found a faded altar of an unknown god.
  2020 | D:2      | Reached skill level 4 in Unarmed Combat
  2249 | D:3      | Got the Parchment of Gelid Production
  2704 | D:3      | Found a bloodstained altar of Trog.
  3508 | D:4      | Reached XP level 5. HP: 17/33 MP: 6/8
  3684 | D:4      | HP: 1/33 [acid (8)]
  3685 | D:4      | Splashed by a jelly's acid

Illustrated notes

Levels and vault maps discovered:
D:1:      lemuel_arrival_lava_pool, layout_loops_cross, st_stairs_9,
          corexii_corridor_pit
D:2:      layout_rooms, basic_ecumenical_altar
D:3:      layout_basic, trog_three_pillars_becter
D:4:      layout_gridville, gammafunk_temple_overflow_pools,
          minmay_goblin_kobold_house, uniq_pikel

Skill      XL: |  1  2  3  4 |
---------------+-------------+-----
Transmutations | 3 |  3.8
Unarmed Combat | 4 |  4.4
Fighting       | |  1.0
Dodging        | |  2.0
Spellcasting   | |  2.0

Action                   |  1- 3 |  4- 6 || total
-------------------------+-------+-------++-------
Melee: Unarmed           |    72 |    55 ||   127
       Kick              |    23 |    18 ||    41
       Constrict         |    18 |    13 ||    31
       Tentacles         |     8 |    10 ||    18
       Punch             |       |     1 ||     1
 Cast: Beastly Appendage |    24 |    16 ||    40
  Use: Scroll            |       |    12 ||    12
       Potion            |       |     1 ||     1
 Stab: Sleeping          |     7 |     5 ||    12
Armor: Skin              |     8 |     6 ||    14
Dodge: Dodged            |    50 |    30 ||    80
